 Dungeon Crawl Stone Soup version 0.30-a0-218-gedb9141078 (webtiles) character file.

Game seed: 8906053772061108611

160 IdlyInterested the Sneak (level 5, -3/38 HPs)
             Began as a Demonspawn Wanderer on Oct 5, 2022.
             Slain by Crazy Yiuf
             ... wielding a +4 quarterstaff of chaos
              (11 damage)
             ... on level 2 of the Dungeon.
             The game lasted 00:05:03 (1981 turns).

IdlyInterested the Sneak (Demonspawn Wanderer)      Turns: 1981, Time: 00:05:04

Health: -3/38      AC: 12    Str: 10    XL:     5   Next: 17%
Magic:  5/5        EV: 10    Int: 10    God:
Gold:   90         SH:  5    Dex: 20    Spells: 4/4 levels left

rFire   + . .      SeeInvis .    a - +0 falchion
rCold   . . .      Faith    .    b - +0 buckler {AC+3}
rNeg    . . .      Spirit   .    n - +1 ring mail {rF+}
rPois   .          Reflect  .    (no helmet)
rElec   .          Harm     .    (no cloak)
rCorr   .          Rampage  .    c - +0 pair of gloves
Will    .....                    (no boots)
Stlth   ++........               (no amulet)
HPRegen 0.26/turn                (no ring)
MPRegen 0.09/turn                (no ring)

@: no status effects
A: hooves 1, yellow scales 1, powered by pain 1
a: no special abilities


You were on level 2 of the Dungeon.
You visited 1 branch of the dungeon, and saw 2 of its levels.

You collected 90 gold pieces.

Inventory:

Hand Weapons
 a - a +0 falchion (weapon)
 h - a +0 dagger of speed
Armour
 b - a +0 buckler of protection (worn)
 c - a +0 pair of gloves (worn)
 e - a +0 robe
 f - a +0 scale mail
 j - a +0 leather armour
 n - a +1 ring mail of fire resistance (worn)
 p - a +0 plate armour
Scrolls
 d - 2 scrolls of teleportation
 l - a scroll of vulnerability {unknown}
 m - a scroll of enchant armour {unknown}
Potions
 g - 3 potions of curing {unknown}
 i - a potion of attraction
 k - a potion of haste {unknown}
 o - a potion of flight {unknown}
 q - a potion of heal wounds {unknown}


   Skills:
 + Level 2.3 Fighting
 + Level 3.0 Long Blades
 - Level 1.0 Throwing
 - Level 1.0 Armour
 * Level 1.6 Dodging
 - Level 4.0 Stealth
 - Level 2.6 Shields
 - Level 1.0 Evocations


You had 4 spell levels left.
You didn't know any spells.
Your spell library was empty.

Dungeon Overview and Level Annotations

Branches:
Dungeon (2/15)

Altars:

Annotations:
D:2 Crazy Yiuf


Innate Abilities, Weirdness & Mutations

You have large cloven feet.
You are partially covered in yellow scales. (AC +2)
You sometimes gain a little power by taking damage.


Message History

You barely miss the quokka. You kick the quokka.
The quokka is heavily wounded.
The quokka closely misses you. The quokka barely misses you.
You slash the quokka!
You kill the quokka!
You see here a quokka corpse.
You see here a quokka corpse.
There is a stone staircase leading down here.
A rat comes into view.
The rat bites you but does no damage.
You slash the rat!
You kill the rat!
You see here a rat corpse.
g - 3 bubbling green potions (gained 2)
Found a hammer.
Found a runed translucent door.
You open the door.
Crazy Yiuf shouts!
There is an open translucent door here.
You hit Crazy Yiuf.
Crazy Yiuf is lightly wounded.
Crazy Yiuf hits you with a +4 quarterstaff of chaos!
Crazy Yiuf freezes you.
You hit Crazy Yiuf. You kick Crazy Yiuf.
Crazy Yiuf is moderately wounded.
Crazy Yiuf hits you but does no damage.
You hit Crazy Yiuf. You kick Crazy Yiuf, but do no damage.
Crazy Yiuf is moderately wounded.
Crazy Yiuf closely misses you.
You barely miss Crazy Yiuf. You kick Crazy Yiuf, but do no damage.
Crazy Yiuf is moderately wounded.
Crazy Yiuf barely misses you. Crazy Yiuf closely misses you.
You hit Crazy Yiuf. You kick Crazy Yiuf, but do no damage.
Crazy Yiuf is heavily wounded.
Crazy Yiuf hits you with a +4 quarterstaff of chaos!
You closely miss Crazy Yiuf. Your kick misses Crazy Yiuf.
Crazy Yiuf is heavily wounded.
Crazy Yiuf hits you with a +4 quarterstaff of chaos!
* * * LOW HITPOINT WARNING * * *
You convulse!
You die...

..#.#..#.######.#####......#.....
###.#..#.#.................#.....
.......#.#.####.....##.....#.!...
###.#....#** ############.'.....
#......# ###....) ###...## ##'#.#
#....# ####* ♣♣#####.... #....#
#)..#♣♣ ♣♣P...##.#.. ######...#
#..g@.♣♣♣♣P♣....#.#.. .........#
#...#♣..♣.P.........# #######..#
####*♣♣♣.♣....##..### #..#
♣♣♣♣♣###...... #..# ##.#####
#..#### ### ####..#
#######..#..####.# #....##
...†.....#.......# #..####
.######.###.###### #.....#####


You could see Crazy Yiuf.

Vanquished Creatures
  Natasha (twice) (D:2)
  5 adders (D:2)
  A worm (D:2)
  6 dart slugs
  3 bats
  4 endoplasms (D:1)
  2 giant cockroaches
  4 goblins
  6 hobgoblins
  A kobold (D:2)
  2 quokkas
  4 ball pythons (D:1)
  4 frilled lizards
  10 rats
54 creatures vanquished.

Vanquished Creatures (others)
  2 fungi (D:2)
2 creatures vanquished.

Grand Total: 56 creatures vanquished

Notes
Turn   | Place    | Note
-------+----------+-------------------------------------------
     0 | D:1      | IdlyInterested the Demonspawn Wanderer began the quest for
                  | the Orb.
     0 | D:1      | IdlyInterested set off with the following items: a +0
                  | falchion, a +0 buckler of protection, a +0 pair of gloves,
                  | a scroll of teleportation, a +0 robe.
     0 | D:1      | Reached XP level 1. HP: 13/13 MP: 1/1
    64 | D:1      | You fall into a shaft and drop 1 floor!
   131 | D:1      | Gained mutation: You sometimes gain a little power by
                  | taking damage. [demonic ancestry]
   131 | D:1      | Reached XP level 2. HP: 16/20 MP: 2/2
   265 | D:1      | Reached skill level 4 in Stealth
   303 | D:1      | Reached skill level 1 in Fighting
   409 | D:1      | Reached XP level 3. HP: 26/26 MP: 3/3
   515 | D:1      | Reached skill level 1 in Throwing
   629 | D:1      | Found a faded altar of an unknown god.
  1037 | D:2      | Noticed Natasha
  1062 | D:2      | Killed Natasha
  1063 | D:2      | Reached skill level 1 in Evocations
  1063 | D:2      | Gained mutation: You are partially covered in yellow
                  | scales. (AC +2) [demonic ancestry]
  1063 | D:2      | Reached XP level 4. HP: 33/33 MP: 4/4
  1548 | D:2      | Noticed Natasha
  1553 | D:2      | Killed Natasha
  1554 | D:2      | Reached skill level 1 in Dodging
  1587 | D:2      | Gained mutation: You have large cloven feet. [demonic
                  | ancestry]
  1587 | D:2      | Reached XP level 5. HP: 30/38 MP: 5/5
  1970 | D:2      | Found a runed translucent door.
  1971 | D:2      | Noticed Crazy Yiuf
  1981 | D:2      | Slain by Crazy Yiuf

Illustrated notes

Levels and vault maps discovered:
D:1:      minmay_arrival_up_and_down, layout_basic,
          chequers_ecumenical_altar_simple_redux
D:2:      kb_forest_paths, layout_basic, minmay_small_reverse_x,
          uniq_crazy_yiuf_cottage, uniq_natasha

Skill      XL: |  1  2  3  4 |
---------------+-------------+-----
Long Blades    | 2 3 |  3.0
Stealth        | 4 |  4.0
Fighting       | 1 2 |  2.3
Throwing       | 1 |  1.0
Evocations     | 1 |  1.0
Dodging        | 1 |  1.6
Armour         | |  1.0
Shields        | |  2.6

Action                   |  1- 3 |  4- 6 || total
-------------------------+-------+-------++-------
Melee: Falchion          |   122 |    67 ||   189
       Kick              |       |    11 ||    11
  Use: Scroll            |     3 |       ||     3
 Stab: Sleeping          |     5 |     4 ||     9
Armor: Robe              |     5 |       ||     5
       Scale mail        |    28 |       ||    28
       Ring mail         |    15 |    25 ||    40
Dodge: Dodged            |    39 |    26 ||    65
Block: Buckler           |    22 |     9 ||    31

Table legend: (Time is in decaauts)
 A = Elapsed time spent in this place.
 B = Non-inter-level travel time spent in this place.
 C = Inter-level travel time spent in this place.
 D = Time resting spent in this place.
 E = Time spent auto-exploring this place.
 F = Levels seen in this place.
 G = Mean time per level.
                   A        B        C        D        E       F      G
               +--------+--------+--------+--------+--------+-----+--------+
         Total |   2025 |   1943 |     82 |     51 |   1326 |   2 | 1012.5 |
       Dungeon |   2025 |   1943 |     82 |     51 |   1326 |   2 | 1012.5 |
               +--------+--------+--------+--------+--------+-----+--------+

Top non-repeatable levels by time:
     D:2: 1101 daAuts
     D:1: 923 daAuts
